 Dungeon Sprint DCSS version 0.26-a0-1213-gd52f5182fe (webtiles) character file.

Game seed: 8551965371809560645

388715 rocky1 the Invulnerable (level 21, -5/146 HPs)
             Began as a Gargoyle Fighter on Dec 31, 2020.
             Was the Champion of the Shining One.
             Killed from afar by a hellion (31 damage)
             ... with damnation
             ... summoned by a deep elf demonologist
             ... in the Dungeon (Sprint IX: "|||||||||||||||||||||||||||||").
             The game lasted 00:36:40 (9315 turns).

rocky1 the Invulnerable (Gargoyle Fighter)          Turns: 9315, Time: 00:36:41

Health: -5/146     AC: 59    Str: 27      XL:     21   Next: 77%
Magic:  34/34      EV: 16    Int: 12      God:    the Shining One [******]
Gold:   54         SH: 37    Dex:  7 (8)  Spells: 20/20 levels left

rFire    + + +     SeeInvis .   K - +8 sacred scourge (holy)
rCold    + . .     Faith    .   Y - +5 tower shield
rNeg     + + +     Spirit   .   P - +4 gold dragon scales
rPois    ∞         Reflect  +   O - +2 hat {Int+3}
rElec    +         Harm     .   s - +2 cloak
rCorr    .         Rampage  .   a - +0 pair of gloves
Will     ++...     NoTele   +   X - +2 pair of boots {run}
Stlth    ..........             v - amulet of reflection
HPRegen  0.34/turn              p - ring of protection from fire
MPRegen  0.24/turn              y - ring of protection from fire

@: glowing, quick
A: big wings, blurry vision 1, clumsy 1, deterioration 1, frail 1, low mp 1,
strong-willed 1, negative energy resistance 1, screaming 1, electricity
resistance, weak 1, unbreathing, petrification resistance, miasma immunity, AC
+16
}: 5/17 runes: decaying, serpentine, barnacled, silver, gossamer
a: Fly, Renounce Religion, Divine Shield, Cleansing Flame, Summon Divine Warrior


You were in the Dungeon.
You worshipped the Shining One.
The Shining One was exalted by your worship.
You visited 1 branch You collected 1943 gold pieces.
You spent 1889 gold pieces at shops.

Inventory:

Hand Weapons
 n - the +2 morningstar "Keguw" {freeze, Int+4}
   (You found it in the Dungeon)

   It has been specially enchanted to freeze those struck by it, causing extra
   injury to most foes and up to half again as much damage against particularly
   susceptible opponents.
   It can also slow down cold-blooded creatures.
   It affects your intelligence (+4).
 t - a +2 antimagic eveningstar
 K - a +8 sacred scourge of holy wrath (weapon)
Missiles
 S - 40 javelins (quivered)
 T - 34 silver javelins
Armour
 a - a +0 pair of gloves (worn)
 d - the +10 pearl dragon scales "Rucseid" {*Slow rN+ Will++ Str+4}
   (You bought it in a shop in the Dungeon)

   It affects your strength (+4).
   It protects you from negative energy.
   It affects your willpower, your defense against some magical effects.
   It may slow you when you take damage.
 o - a +3 tower shield of reflection
 s - a +2 cloak (worn)
 O - a +2 hat of intelligence (worn)
 P - +4 gold dragon scales (worn)
 X - a +2 pair of boots of running (worn)
 Y - a +5 tower shield (worn)
Jewellery
 c - the ring of Robustness {AC+8}
   (You found it in the Dungeon)

   [ring of protection]

   It affects your AC (+8).
 p - a ring of protection from fire (left hand)
 q - a +3 ring of dexterity
 r - a +2 ring of evasion
 v - an amulet of reflection (around neck)
 w - an uncursed ring of protection from cold
 x - an uncursed ring of see invisible
 y - a ring of protection from fire (right hand)
 E - a +3 ring of slaying
 F - the ring "Rery" {+Inv rF- Str+2 Dex+3}
   (You found it in the Dungeon)

   [ring of dexterity]

   It affects your strength (+2).
   It affects your dexterity (+3).
   It makes you vulnerable to fire.
   It lets you turn invisible.
 G - a +6 ring of strength
 H - a +6 ring of strength
 I - a +6 ring of intelligence
 J - an uncursed ring of resist corrosion
 M - the amulet of Puseot {Inacc +Fly Dex-5 Stlth+}
   (You found it in the Dungeon)

   [amulet of inaccuracy]

   It reduces the accuracy of all your attacks.
   It affects your dexterity (-5).
   It lets you fly.
   It makes you more stealthy.
 V - the ring "Hosigyisata" {rC+ rN+ Str+4}
   (You found it in the Dungeon)

   [ring of protection from cold]

   It affects your strength (+4).
   It protects you from cold.
   It protects you from negative energy.
 W - the amulet "Fiutseot" {RegenMP rPois Int+9 Slay-4}
   (You found it in the Dungeon)

   [amulet of magic regeneration]

   It increases your magic regeneration.
   It affects your intelligence (+9).
   It affects your accuracy and damage with ranged weapons and melee attacks
   (-4).
   It protects you from poison.
Wands
 m - a wand of acid (10)
 C - a wand of polymorph (16)
Scrolls
 i - 8 scrolls of fear
 j - 5 scrolls of blinking
 k - 4 scrolls of remove curse
 l - 3 scrolls of amnesia
 u - a scroll of identify
 D - a scroll of immolation
 Q - 2 scrolls of fog
Potions
 b - 3 potions of berserk rage
 e - 9 potions of curing
 f - 3 potions of heal wounds
 g - 6 potions of haste
 h - 9 potions of magic
 z - a potion of might
 A - 5 potions of brilliance
 R - a potion of lignification
 U - a potion of ambrosia
Miscellaneous
 B - a condenser vane


   Skills:
 O Level 27 Fighting
 - Level 18.2(20.0) Axes
 - Level 16.0(19.7) Maces & Flails
 + Level 26.0 Throwing
 O Level 27 Armour
 O Level 27 Dodging
 O Level 27 Shields
 O Level 27 Invocations
 + Level 23.0 Evocations


You had 20 spell levels left.
You didn't know any spells.
Your spell library was empty.

Dungeon Overview and Level Annotations

Branches:
Dungeon (1/1)

Altars:
Cheibriados
Dithmenos
Elyvilon
Fedhas
Gozag
Hepliaklqana
Kikubaaqudgha
Makhleb
Nemelex Xobeh
Okawaru
Qazlal
Ru
Sif Muna
Trog
Uskayaw
Vehumet
Wu Jian
Xom
Yredelemnul
Zin
The Shining One
Beogh
Jiyva
Lugonu

Shops:
D =?[:


Innate Abilities, Weirdness & Mutations

You are resistant to torment.
Your stone body is resilient. (AC +16)
You are immune to poison.
Your large and strong wings let you fly indefinitely.
You resist negative energy. (rN+)
You are resistant to electric shocks. (rElec)
You can survive without breathing.
You are immune to petrification.
You are immune to miasma.
Scrolls take you a little longer to read.
You are clumsy. (Dex -2)
Your body sometimes deteriorates upon taking damage.
You are frail. (-10% HP)
Your magical capacity is low. (-10% MP)
You are strong-willed. (Will+)
You occasionally shout uncontrollably at your foes.
You are weak. (Str -2)


Message History

* * * LOW HITPOINT WARNING * * *
The damnation engulfs the hellion.
The hellion completely resists.
You hit the hellion.
The hellion convulses!
The hellion is severely wounded.
You block the red devil's attack.
Unknown command.
You barely miss the hellion.
The hellion is severely wounded.
The hellion gestures at you.
The sphere of damnation explodes!
The damnation engulfs you!!
* * * LOW HITPOINT WARNING * * *
Your body deteriorates!
You feel clumsy.
The damnation engulfs the hellion.
The hellion completely resists.
You feel much better.
The deep elf high priest is no longer giving off an aura.
The deep elf high priest utters an invocation to its god.
The deep elf high priest begins emitting a brilliant aura!
The hellion gestures at you.
The sphere of damnation explodes!
The damnation engulfs you!!
You die...

,,,+,+,,,,,,,,,,,,,,,,,,,,,,,,,,,
*********************************
,,,,,,,,,,,,,,,,,,,,,,,,,,,,,,,,,
*********************************
,,,,,,,,,+,,,,,,,,,+,,,,,,,,,,+,,
*********************************
,,,,,,,,,,,,,,,,,,,,,,,,,,,,,,,,,
*********▓▓▓▓▓▓▓▓▓▓▓▓▓♣♣♣♣♣♣♣♣♣♣♣
,,,,,,+,,ee2ee42@)))('.........))
▓▓▓▓▓▓▓▓▓▓▓▓▓▓▓▓▓▓▓▓▓▓♣♣♣♣♣♣♣♣♣♣♣
.................................
▓▓▓▓▓▓▓▓▓▓▓▓▓▓▓▓▓▓▓▓▓▓▓▓▓▓▓▓▓▓▓▓▓
.....).).....'.'.'.'.......†)....
▓▓▓▓▓▓▓▓▓▓▓▓▓▓▓▓▓▓▓▓▓▓▓▓▓▓▓▓▓▓▓▓▓
.................................
▓▓▓▓▓▓▓▓▓▓▓▓▓▓▓▓▓▓▓▓▓▓▓▓▓▓▓▓▓▓▓▓▓
)...)'[[)...[)'.....[))......))).


You could see a deep elf blademaster, a reaper (summoned), a deep elf master
archer, a deep elf demonologist (empowered), a deep elf high priest (brilliance
aura), a hellion (summoned) and a red devil (summoned).

Vanquished Creatures
  3 orbs of fire (D)
  8 ancient liches (D)
  Mara (D)
  Boris (D)
  Sojobo (D)
  A Killer Klown (D)
  A curse toe (D)
  2 golden dragons (D)
  Jory (D)
  A bone dragon (D)
  5 electric golems (D)
  Rupert (D)
  2 tentacled monstrosities (D)
  2 liches (D)
  28 Orb Guardians (D)
  2 deep elf blademasters (D)
  3 titans (D)
  A deep elf master archer (D)
  A quicksilver dragon (D)
  A sphinx (D)
  3 death cobs (D)
  Donald (D)
  6 nagarajas (D)
  8 shadow dragons (D)
  4 storm dragons (D)
  2 draconian monks (D)
  2 tengu reavers (D)
  Ilsuiw (D)
  Agnes (D)
  2 frost giants (D)
  2 draconian knights (D)
  3 fire giants (D)
  A deep elf sorcerer (D)
  Louise (D)
  A draconian scorcher (D)
  2 vault wardens (D)
  4 ghost moths (D)
  3 emperor scorpions (D)
  2 draconian annihilators (D)
  A draconian shifter (D)
  2 stone giants (D)
  A very ugly thing (D)
  5 ironheart preservers (D)
  2 war gargoyles (D)
  A deep elf demonologist (D)
  2 black draconians (D)
  A spark wasp (D)
  2 deep elf annihilators (D)
  7 green draconians (D)
  An entropy weaver (D)
  3 yellow draconians (D)
  A white draconian (D)
  8 vampire knights (D)
  A purple draconian (D)
  3 ettins (D)
  A red draconian (D)
  Azrael (D)
  5 merfolk javelineers (D)
  Snorg (D)
  3 eleionomae (D)
  4 fire dragons (D)
  A yaktaur captain (D)
  7 merfolk impalers (D)
  Erolcha (D)
  A deep elf high priest (D)
  Josephine (D)
  5 naga warriors (D)
  7 hydras (D)
  25 vault guards (D)
  5 ice dragons (D)
  A spriggan air mage (D)
  3 merfolk aquamancers (D)
  3 centaur warriors (D)
  2 two-headed ogres (D)
  A death yak (D)
  2 vampire magi (D)
  2 deep troll shamans (D)
  3 ogre magi (D)
  2 alligators (D)
  2 naga sharpshooters (D)
  3 deep troll earth magi (D)
  A spriggan berserker (D)
  A goliath frog (D)
  2 unseen horrors (D)
  6 swamp dragons (D)
  2 flayed ghosts (D)
  2 wizards (D)
  4 deep elf archers (D)
  2 bog bodies (D)
  3 deep elf magi (D)
  3 ugly things (D)
  4 orc knights (D)
  2 necromancers (D)
  An orb spider (D)
  2 ironbrand convokers (D)
  A mana viper (D)
  10 orc sorcerers (D)
  A will-o-the-wisp (D)
  5 wolf spiders (D)
  A manticore (D)
  6 moths of wrath (D)
  A cyclops (D)
  A naga mage (D)
  3 vault sentinels (D)
  Maurice (D)
  A guardian serpent (D)
  4 black mambas (D)
  4 cane toads (D)
  2 freezing wraiths (D)
  3 yaktaurs (D)
  A kobold demonologist (D)
  A tengu conjurer (D)
  A guardian mummy (D)
  A troll (D)
  4 demonic crawlers (D)
  A jumping spider (D)
  4 polar bears (D)
  A wind drake (D)
  A slime creature (D)
  2 hornets (D)
  2 dream sheep (D)
  3 snapping turtles (D)
  2 redbacks (D)
  11 spriggans (D)
  A water elemental (D)
  A tarantella (D)
  3 wraiths (D)
  3 yaks (D)
  A wyvern (D)
  A fire elemental (D)
  2 nagas (D)
  3 hell hounds (D)
  4 water moccasins (D)
  An acid dragon (D)
  11 orc warriors (D)
  An ice beast (D)
  4 black bears (D)
  An eye of draining (shapeshifter) (D)
  A boggart (D)
  A phantom (D)
  An ogre (D)
  4 bullfrogs (D)
  A wight (D)
  A hound (D)
  2 orc priests (D)
  A hell rat (D)
  7 orc wizards (D)
  An adder (D)
  An adder skeleton (D)
  A leopard gecko (D)
  8 orcs (D)
  A bat skeleton (D)
  A hobgoblin (D)
  A goblin (D)
  2 rats (D)
434 creatures vanquished.

Vanquished Creatures (others)
  An electric golem (D)
  A deep elf blademaster (D)
  A deep elf master archer (D)
  A small abomination (D)
  A naga ritualist (D)
  9 foxfires (D)
14 creatures vanquished.

Grand Total: 448 creatures vanquished

Notes
Turn   | Place    | Note
-------+----------+-------------------------------------------
     0 | D        | rocky1 the Gargoyle Fighter began the quest for the Orb.
     0 | D        | Reached XP level 1. HP: 14/14 MP: 1/1
    21 | D        | Noticed an ogre
    21 | D        | Noticed a hound
    24 | D        | Reached XP level 2. HP: 20/20 MP: 2/2
    36 | D        | Reached skill level 5 in Fighting
    36 | D        | Reached skill level 5 in Shields
    36 | D        | Reached XP level 3. HP: 21/26 MP: 3/3
    47 | D        | Killed an ogre
    48 | D        | Reached skill level 5 in Maces & Flails
    48 | D        | Reached XP level 4. HP: 24/34 MP: 4/4
    48 | D        | Reached XP level 5. HP: 27/38 MP: 5/5
   151 | D        | Found a roughly hewn altar of Beogh.
   151 | D        | Found a snail-covered altar of Cheibriados.
   151 | D        | Found a shadowy altar of Dithmenos.
   151 | D        | Found a white marble altar of Elyvilon.
   151 | D        | Found a blossoming altar of Fedhas.
   151 | D        | Found an opulent altar of Gozag.
   152 | D        | Found a hazy altar of Hepliaklqana.
   153 | D        | Found a viscous altar of Jiyva.
   154 | D        | Found an ancient bone altar of Kikubaaqudgha.
   155 | D        | Found a corrupted altar of Lugonu.
   156 | D        | Found a burning altar of Makhleb.
   157 | D        | Found a sparkling altar of Nemelex Xobeh.
   158 | D        | Found an iron altar of Okawaru.
   159 | D        | Found a stormy altar of Qazlal.
   160 | D        | Found a sacrificial altar of Ru.
   161 | D        | Found a shimmering blue altar of Sif Muna.
   162 | D        | Found a bloodstained altar of Trog.
   163 | D        | Found a hide-covered altar of Uskayaw.
   164 | D        | Found a radiant altar of Vehumet.
   165 | D        | Found an ornate altar of the Wu Jian Council.
   166 | D        | Found a shimmering altar of Xom.
   167 | D        | Found a basalt altar of Yredelemnul.
   168 | D        | Found a glowing silver altar of Zin.
   169 | D        | Found a glowing golden altar of the Shining One.
   177 | D        | Became a worshipper of the Shining One
   186 | D        | Got the +2 morningstar "Keguw" {freeze, Int+4}
   225 | D        | Noticed a phantom
   225 | D        | Reached * piety under the Shining One
   225 | D        | Noticed a two-headed ogre
   230 | D        | Killed a two-headed ogre
   231 | D        | Reached XP level 6. HP: 24/46 MP: 5/10
   231 | D        | Reached XP level 7. HP: 26/51 MP: 5/11
   232 | D        | Noticed an unseen horror
   235 | D        | Killed an unseen horror
   235 | D        | Noticed an unseen horror
   235 | D        | Reached ** piety under the Shining One
   236 | D        | Reached skill level 10 in Fighting
   236 | D        | Reached skill level 5 in Dodging
   236 | D        | Reached XP level 8. HP: 28/57 MP: 5/13
   238 | D        | Killed an unseen horror
   239 | D        | Reached skill level 10 in Shields
   239 | D        | Reached XP level 9. HP: 31/63 MP: 5/14
   390 | D        | Noticed a two-headed ogre
   390 | D        | Reached *** piety under the Shining One
   390 | D        | Noticed a kobold demonologist
   393 | D        | Gained mutation: You are strong-willed. (Will+) [a neqoxec]
   400 | D        | Killed a kobold demonologist
   400 | D        | Reached **** piety under the Shining One
   406 | D        | Reached skill level 10 in Maces & Flails
   408 | D        | Killed a two-headed ogre
   518 | D        | Reached skill level 10 in Armour
   518 | D        | Reached XP level 10. HP: 70/70 MP: 15/17
   533 | D        | Noticed a cane toad
   533 | D        | Noticed a cane toad
   535 | D        | Noticed a cane toad
   535 | D        | Reached ***** piety under the Shining One
   542 | D        | Killed a cane toad
   543 | D        | Reached XP level 11. HP: 62/76 MP: 18/18
   554 | D        | Reached skill level 10 in Invocations
   697 | D        | Noticed a death yak
   717 | D        | Killed a death yak
   881 | D        | Reached ****** piety under the Shining One
   948 | D        | Noticed Erolcha
   955 | D        | Killed Erolcha
  1050 | D        | Noticed a stone giant
  1077 | D        | Killed a stone giant
  1156 | D        | Noticed an orc knight
  1156 | D        | Noticed an orc knight
  1161 | D        | Killed an orc knight
  1162 | D        | Reached skill level 1 in Evocations
  1162 | D        | Reached XP level 12. HP: 72/84 MP: 19/21
  1245 | D        | Found Muvuf's Book Boutique.
  1258 | D        | Found Eppuypisk's Armour Shop.
  1270 | D        | Reached skill level 10 in Dodging
  1271 | D        | Found Zitwome's Magic Scroll Boutique.
  1278 | D        | Found Acogg's Jewellery Shop.
  1397 | D        | Bought the +10 pearl dragon scales "Rucseid" {*Slow rN+
                  | Will++ Str+4} for 1565 gold pieces
  1411 | D        | Bought a cursed amulet of reflection for 324 gold pieces
  1476 | D        | Noticed Maurice
  1478 | D        | Noticed Josephine
  1492 | D        | Killed Josephine
  1503 | D        | Reached skill level 5 in Evocations
  1677 | D        | Noticed an ogre mage
  1684 | D        | Noticed a lich
  1688 | D        | Noticed a Hell Sentinel
  1708 | D        | Killed a lich
  1709 | D        | Reached XP level 13. HP: 91/91 MP: 23/23
  1711 | D        | Reached skill level 15 in Fighting
  1711 | D        | Reached skill level 15 in Shields
  1908 | D        | Noticed Snorg
  1916 | D        | Killed Snorg
  1976 | D        | Noticed a merfolk impaler
  1976 | D        | Noticed a merfolk impaler
  1977 | D        | Noticed a merfolk impaler
  1992 | D        | Killed a merfolk impaler
  2004 | D        | Killed a merfolk impaler
  2022 | D        | Killed a merfolk impaler
  2156 | D        | Reached skill level 15 in Armour
  2216 | D        | Noticed a spark wasp
  2218 | D        | Noticed an entropy weaver
  2220 | D        | Noticed a ghost moth
  2222 | D        | Reached skill level 15 in Maces & Flails
  2233 | D        | Reached skill level 15 in Invocations
  2376 | D        | Killed a spark wasp
  2391 | D        | Killed an entropy weaver
  2415 | D        | Killed a ghost moth
  2416 | D        | Gained mutation: Your large and strong wings let you fly
                  | indefinitely. [Gargoyle growth]
  2416 | D        | Reached XP level 14. HP: 68/100 MP: 0/25
  2764 | D        | Noticed a fire giant
  2776 | D        | Killed a fire giant
  2832 | D        | Noticed a frost giant
  2862 | D        | Killed a frost giant
  3238 | D        | Noticed an ironheart preserver
  3238 | D        | Noticed an ironheart preserver
  3238 | D        | Noticed an ironheart preserver
  3257 | D        | Killed an ironheart preserver
  3266 | D        | Killed an ironheart preserver
  3276 | D        | Killed an ironheart preserver
  3286 | D        | Noticed a cyan very ugly thing
  3291 | D        | Reached XP level 15. HP: 55/109 MP: 13/27
  3326 | D        | Noticed a vault warden
  3355 | D        | Killed a vault warden
  3720 | D        | Killed Maurice
  3748 | D        | Noticed Donald
  3765 | D        | Killed Donald
  3833 | D        | Got the +0 pair of gloves of Poor Excuses {*Contam Will+
                  | Dex+3}
  3938 | D        | Noticed a tengu reaver
  3939 | D        | Noticed Sojobo
  3940 | D        | Noticed a tengu reaver
  3948 | D        | Killed a tengu reaver
  3949 | D        | Reached skill level 1 in Axes
  3973 | D        | Killed Sojobo
  3980 | D        | Killed a tengu reaver
  4239 | D        | Noticed Rupert
  4261 | D        | Killed Rupert
  4262 | D        | Reached skill level 15 in Dodging
  4281 | D        | Noticed a ghost moth
  4281 | D        | Noticed an emperor scorpion
  4289 | D        | Killed an emperor scorpion
  4295 | D        | Killed a ghost moth
  4296 | D        | Reached skill level 5 in Axes
  4325 | D        | Noticed an emperor scorpion
  4328 | D        | Noticed an emperor scorpion
  4351 | D        | Killed an emperor scorpion
  4373 | D        | Killed an emperor scorpion
  4391 | D        | Got a gossamer rune of Zot
  4575 | D        | Reached XP level 16. HP: 115/120 MP: 29/29
  4617 | D        | Got a decaying rune of Zot
  4742 | D        | Noticed a nagaraja
  4742 | D        | Noticed a nagaraja
  4742 | D        | Noticed a nagaraja
  4743 | D        | Noticed a nagaraja
  4747 | D        | Killed a nagaraja
  4754 | D        | Killed a nagaraja
  4760 | D        | Killed a nagaraja
  4761 | D        | Noticed a nagaraja
  4765 | D        | Killed a nagaraja
  4773 | D        | Noticed a nagaraja
  4786 | D        | Killed a nagaraja
  4816 | D        | Killed a nagaraja
  4840 | D        | Got a serpentine rune of Zot
  4942 | D        | Noticed Ilsuiw
  4977 | D        | Killed Ilsuiw
  5000 | D        | Reached skill level 10 in Axes
  5061 | D        | Got a barnacled rune of Zot
  5387 | D        | Noticed Boris
  5413 | D        | Killed Boris
  5528 | D        | Reached XP level 17. HP: 121/128 MP: 31/31
  5543 | D        | Reached skill level 5 in Throwing
  5650 | D        | Found the ring of Robustness {AC+8}
  5737 | D        | Noticed an ancient lich
  5737 | D        | Noticed Agnes
  5742 | D        | Killed Agnes
  5761 | D        | Killed an ancient lich
  5773 | D        | Noticed an orb of fire
  5791 | D        | Noticed a sphinx
  5791 | D        | Gained mutation: Scrolls take you a little longer to read.
                  | [an orb of fire]
  5808 | D        | Gained mutation: You occasionally shout uncontrollably at
                  | your foes. [an orb of fire]
  5811 | D        | Gained mutation: Your body sometimes deteriorates upon
                  | taking damage. [an orb of fire]
  5817 | D        | Killed an orb of fire
  5821 | D        | HP: 3/131 [sphinx/divine providence (11)]
  5832 | D        | HP: 3/131 [purple draconian/bolt of dispelling energy (11)]
  5841 | D        | Killed a sphinx
  6177 | D        | Noticed a titan
  6177 | D        | Noticed an ancient lich
  6177 | D        | Noticed a titan
  6206 | D        | Killed an ancient lich
  6207 | D        | Reached skill level 10 in Throwing
  6207 | D        | Reached XP level 18. HP: 104/137 MP: 33/33
  6213 | D        | Noticed a titan
  6229 | D        | HP: 2/138 [titan/the air (26)]
  6231 | D        | Killed a titan
  6242 | D        | Killed a titan
  6277 | D        | Killed a titan
  6280 | D        | Got a silver rune of Zot
  6285 | D        | Got a bloodstained chain mail
  6290 | D        | Got a polished plate armour
  6377 | D        | Identified the +4 chain mail the Ethereal Robin {Harm rF+
                  | rC+ Dex+2} (You found it in the Dungeon)
  6387 | D        | Identified the +0 plate armour of the Slightly Bent
                  | {Rampage *Slow +Blink Int+2} (You found it in the Dungeon)
  6421 | D        | Noticed Mara
  6455 | D        | Noticed rocky1's illusion
  6457 | D        | Killed Mara
  6584 | D        | Noticed Jory
  6604 | D        | Killed Jory
  6605 | D        | Reached skill level 15 in Axes
  6669 | D        | Got the ring "Rery" {+Inv rF- Str+2 Dex+3}
  6671 | D        | Got the amulet of Puseot {Inacc +Fly Dex-5 Stlth+}
  6673 | D        | Got the ring "Hosigyisata" {rC+ rN+ Str+4}
  6675 | D        | Got the amulet "Fiutseot" {RegenMP rPois Int+9 Slay-4}
  6709 | D        | Identified a +0 pair of boots of running (You found it in
                  | the Dungeon)
  6785 | D        | Identified a +6 sacred scourge of holy wrath (a +4 demon
                  | whip blessed by the Shining One)
  6785 | D        | Received a gift from the Shining One
  6816 | D        | Noticed Louise
  6834 | D        | Killed Louise
  6879 | D        | Noticed Azrael
  6891 | D        | Killed Azrael
  7016 | D        | Noticed a golden dragon
  7060 | D        | Killed a golden dragon
  7092 | D        | Noticed a golden dragon
  7092 | D        | Noticed a bone dragon
  7115 | D        | Killed a bone dragon
  7124 | D        | Killed a golden dragon
  7242 | D        | Reached skill level 27 in Armour
  7277 | D        | Reached XP level 19. HP: 125/147 MP: 35/35
  7406 | D        | Noticed a tentacled monstrosity
  7409 | D        | Noticed an electric golem
  7434 | D        | Killed a tentacled monstrosity
  7444 | D        | Killed an electric golem
  7445 | D        | Reached skill level 15 in Throwing
  7682 | D        | Noticed an electric golem
  7763 | D        | Killed an electric golem
  7832 | D        | Noticed a tentacled monstrosity
  7841 | D        | Killed a tentacled monstrosity
  8118 | D        | Reached skill level 27 in Fighting
  8118 | D        | Reached skill level 27 in Shields
  8139 | D        | Reached skill level 27 in Invocations
  8368 | D        | Noticed a curse toe
  8376 | D        | Killed a curse toe
  8377 | D        | Reached XP level 20. HP: 157/157 MP: 7/37
  8557 | D        | Noticed an electric golem
  8585 | D        | Killed an electric golem
  8642 | D        | Noticed an orb of fire
  8642 | D        | Noticed an ancient lich
  8642 | D        | Noticed an ancient lich
  8642 | D        | Noticed an electric golem
  8648 | D        | Killed an ancient lich
  8651 | D        | Noticed an orb of fire
  8657 | D        | Killed an ancient lich
  8658 | D        | Reached skill level 27 in Dodging
  8668 | D        | Gained mutation: You are clumsy. (Dex -2) [an orb of fire]
  8681 | D        | Gained mutation: Your magical capacity is low. (-10% MP)
                  | [an orb of fire]
  8683 | D        | Killed an orb of fire
  8687 | D        | Gained mutation: You are weak. (Str -2) [an orb of fire]
  8701 | D        | Gained mutation: You are frail. (-10% HP) [an orb of fire]
  8702 | D        | Killed an orb of fire
  8707 | D        | Killed an electric golem
  8739 | D        | Noticed a Killer Klown
  8740 | D        | Noticed an ancient lich
  8741 | D        | Noticed an electric golem
  8742 | D        | Noticed an ancient lich
  8748 | D        | Noticed an electric golem
  8754 | D        | Killed an ancient lich
  8770 | D        | Killed an electric golem
  8777 | D        | Killed a Killer Klown
  8780 | D        | Killed an ancient lich
  8781 | D        | Reached skill level 15 in Evocations
  8825 | D        | Killed an electric golem
  8911 | D        | Reached XP level 21. HP: 146/146 MP: 34/34
  9104 | D        | Noticed an ancient lich
  9111 | D        | Noticed an ancient lich
  9125 | D        | Killed an ancient lich
  9129 | D        | Killed an ancient lich
  9315 | D        | Killed from afar by a hellion

Illustrated notes

Levels and vault maps discovered:
D:        linesprint [early_d, line_temple, items_1, d_10, items_2, lair_1,
          lair_end, items_3, orc_1, orc_end, items_4, d_15, swamp_1, shoals_1,
          snake_1, spider_1, d_20, vaults_1, items_5, swamp_end, shoals_end,
          snake_end, spider_end, vaults_end, d_27, items_6, zot_1, zot_end,
          crypt_end, forest_end, elf_end, slime_end, tomb_end, abyss_end,
          pan_hell_end]

Skill      XL: |  1  2  3  4  5  6  7  8  9 10 11 12 13 14 15 16 17 18 19 20 21 |
---------------+----------------------------------------------------------------+-----
Fighting       | 4 5 7 9 10 11 13 14 16 18 20 22 23 25 27 | 27.0
Shields        | 4 5 7 9 10 11 13 14 16 18 20 22 23 25 27 | 27.0
Maces & Flails | 4 5 8 9 10 12 13 15 16 | 16.0
Armour         | 6 7 8 10 12 14 15 17 19 21 24 27 | 27.0
Dodging        | 4 5 6 7 9 10 12 13 15 17 18 20 24 27 | 27.0
Invocations    | 6 7 9 12 13 15 17 19 21 22 24 27 | 27.0
Evocations     | 1 6 7 16 23 | 23.0
Axes           | 6 11 14 15 18 | 18.2
Throwing       | 4 10 13 16 21 26 | 26.0

Action                   |  1- 3 |  4- 6 |  7- 9 | 10-12 | 13-15 | 16-18 | 19-21 || total
-------------------------+-------+-------+-------+-------+-------+-------+-------++-------
Melee: Flail             |    37 |     3 |       |       |       |       |       ||    40
       Morningstar       |       |     3 |    28 |   291 |   687 |   641 |       ||  1650
       Sacred scourge    |       |       |       |       |       |   216 |   756 ||   972
Invok: Cleansing Flame   |       |       |       |       |     1 |       |       ||     1
       Brand Weapon With |       |       |       |       |       |     1 |       ||     1
  Use: Potion            |       |     2 |     1 |     1 |     1 |    12 |     3 ||    20
       Scroll            |       |       |       |     1 |     1 |    14 |       ||    16
Armor: Scale mail        |    14 |       |       |       |       |       |       ||    14
       Ring mail         |       |       |     3 |    45 |       |       |       ||    48
       Pearl dragon scal |       |       |       |     6 |   186 |   142 |    26 ||   360
       Gold dragon scale |       |       |       |       |       |       |    95 ||    95
Dodge: Dodged            |    12 |     1 |    11 |    76 |   232 |   190 |   111 ||   633
Block: Kite shield       |    21 |     2 |    13 |   107 |   519 |   166 |       ||   828
       Reflection        |       |       |       |     1 |    17 |    24 |    11 ||    53
       Tower shield      |       |       |       |       |       |   441 |   677 ||  1118

Table legend: (Time is in decaauts)
 A = Elapsed time spent in this place.
 B = Non-inter-level travel time spent in this place.
 C = Inter-level travel time spent in this place.
 D = Time resting spent in this place.
 E = Time spent auto-exploring this place.
 F = Levels seen in this place.
 G = Mean time per level.
                   A        B        C        D        E       F      G
               +--------+--------+--------+--------+--------+-----+--------+
         Total |   8391 |   8391 |      0 |   3747 |      0 |   1 | 8391.0 |
       Dungeon |   8391 |   8391 |      0 |   3747 |      0 |   1 | 8391.0 |
               +--------+--------+--------+--------+--------+-----+--------+

Top non-repeatable levels by time:
       D: 8391 daAuts
